 Dungeon Crawl Stone Soup version 0.17.0-24-gcfadda4 (webtiles) character file.

695753 inmateoo the Executioner (level 27, 172/233 HPs)
             Began as a Hill Orc Assassin on Nov 16, 2015.
             Was the Champion of the Shining One.
             Drowned
             ... in Pandemonium on Nov 17, 2015.
             The game lasted 02:45:55 (63375 turns).

inmateoo the Executioner (Hill Orc Assassin)       Turns: 63375, Time: 02:45:55

Health: 172/233    AC: 50    Str: 29    XL:     27
Magic:  20/35      EV: 28    Int: 15    God:    the Shining One [******]
Gold:   7902       SH: 32    Dex: 24    Spells: 0 memorised, 26 levels left

rFire  + + .     SeeInvis +     L - +9 broad axe (holy)
rCold  + + .     Clarity  +     O - +8 orange crystal plate armour {Archmagi, Int+3 Clar SustAt}
rNeg   + + +     SustAt   +     f - +6 large shield of the Gloaming {+Blink rElec rC+ Int+2}
rPois  +         Gourm    .     T - +0 mask of the Dragon {MR+ Slay+3 SInv}
rElec  +         Spirit   .     I - +2 cloak {rPois}
rCorr  .         Warding  .     S - +2 pair of gloves {Str+3}
rMut   .         Rnd*Tele +     U - +2 pair of boots {run}
MR     ++++.                    W - amulet of the Queen {Regen+ Slay+3}
Stlth  ..........               H - ring "Ycuptu" {rPois rC+ Dex+3}
                                D - ring of protection from magic

@: agile, frozen, very slightly contaminated, hasted, glowing, quick, incredibly
resistant to hostile enchantments, extremely unstealthy
A: horns 1, talons 1, repulsion field 2, yellow scales 1, berserk 1, blurry
vision 1, clever 1, fire resistance 2, frail 1, low mp 1, teleportitis 2
a: Divine Shield, Cleansing Flame, Summon Divine Warrior, Renounce Religion,
Evoke Blink
}: 5/15 runes: serpentine, barnacled, silver, fiery, dark


You were in Pandemonium.
You worshipped the Shining One.
The Shining One was exalted by your worship.
You were full.

You visited 8 branches of the dungeon, and saw 48 of its levels.
You visited Pandemonium 1 time, and saw 11 of its levels.
You visited 1 ziggurat, and saw 16 of its levels.
You also visited: Labyrinth and Ossuary.

You collected 10798 gold pieces.
You spent 2838 gold pieces at shops.

Inventory:

Hand Weapons
 v - the +11 war axe of Wyrd {freeze, rPois}
   (Okawaru gifted it to you on level 4 of the Snake Pit)

   It has been specially enchanted to freeze those struck by it, causing extra
   injury to most foes and up to half again as much damage against particularly
   susceptible opponents.
   It can also slow down cold-blooded creatures.
   It protects you from poison.
 L - a +9 broad axe of holy wrath (weapon)
Armour
 f - the +6 large shield of the Gloaming (worn) {+Blink rElec rC+ Int+2}
   (You found it on level 7 of the Dungeon)

   It affects your intelligence (+2).
   It protects you from cold.
   It insulates you from electricity.
   It lets you blink.
 h - the +1 plate armour "Piso" {rN+ Regen+ Str+4}
   (You found it in a labyrinth)

   It affects your strength (+4).
   It protects you from negative energy.
   It increases your rate of regeneration.
 t - the +2 helmet "Zeegit" {rElec MR+ Regen+}
   (You found it in a labyrinth)

   It insulates you from electricity.
   It affects your resistance to hostile enchantments.
   It increases your rate of regeneration.
 I - a +2 cloak of poison resistance (worn)
 O - the +8 orange crystal plate armour (worn) {Archmagi, Int+3 Clar SustAt}
   (You found it on level 13 of a ziggurat)

   It affects your intelligence (+3).
   It sustains your strength, intelligence and dexterity.
   It protects you against confusion.
 S - a +2 pair of gloves of strength (worn)
 T - the +0 mask of the Dragon (worn) {MR+ Slay+3 SInv}
   (You found it in a labyrinth)

   It affects your accuracy and damage with ranged weapons and melee attacks
   (+3).
   It affects your resistance to hostile enchantments.
   It lets you see invisible.
 U - a +2 pair of boots of running (worn)
 Z - the +5 shield of the Jolly Curses {-Tele rF+++ Int+5}
   (Okawaru gifted it to you on level 2 of the Vaults)

   It affects your intelligence (+5).
   It renders you almost immune to fire.
   It prevents most forms of teleportation.
Jewellery
 d - the amulet of the Air {Inacc +Fly rElec EV+5 RMsl}
   (You found it on level 16 of a ziggurat)

   [amulet of inaccuracy]

   It reduces the accuracy of all your attacks.
   It affects your evasion (+5).
   It insulates you from electricity.
   It lets you fly.
   It protects you from missiles.
 j - an uncursed amulet of resist corrosion
 q - an uncursed ring of teleportation
 r - an uncursed ring of protection from fire
 D - a ring of protection from magic (left hand)
 H - the ring "Ycuptu" (right hand) {rPois rC+ Dex+3}
   (You found it on level 8 of a ziggurat)

   [ring of protection from cold]

   It affects your dexterity (+3).
   It protects you from cold.
   It protects you from poison.
 R - the cursed ring of Ru's Favour {rF++ AC-2 Int-2}
   (You found it in a labyrinth)

   [ring of protection]

   It affects your AC (-2).
   It affects your intelligence (-2).
   It greatly protects you from fire.
   It has a curse placed upon it.
 W - the amulet of the Queen (around neck) {Regen+ Slay+3}
   (You found it on level 15 of a ziggurat)

   [amulet of regeneration]

   It affects your accuracy and damage with ranged weapons and melee attacks
   (+3).
   It increases your rate of regeneration.
Wands
 y - a wand of disintegration (14)
 A - a wand of digging (5)
 K - a wand of hasting (3)
Scrolls
 b - 3 scrolls of summoning
 e - 3 scrolls of identify
 i - 13 scrolls of fog
 s - 15 scrolls of magic mapping
 u - 2 scrolls of silence
 z - 4 scrolls of fear
 E - 25 scrolls of teleportation
 F - 16 scrolls of recharging
 J - 30 scrolls of remove curse
 M - 9 scrolls of blinking
 N - 7 scrolls of holy word
Potions
 c - 2 potions of magic
 k - 4 potions of haste
 n - 12 potions of flight
 o - 10 potions of brilliance
 p - 8 potions of cancellation
 w - 5 potions of resistance
 x - 20 potions of curing
 B - 8 potions of heal wounds
 C - 3 potions of might
 Q - 3 potions of agility
 Y - 3 potions of beneficial mutation
Miscellaneous
 l - a phial of floods
 V - a disc of storms
Comestibles
 a - 7 meat rations
 g - 33 bread rations
 m - a royal jelly
 G - a beef jerky


   Skills:
 + Level 23.4 Fighting
   Level 2.0 Short Blades
 - Level 26.6 Axes
 - Level 1.7 Throwing
 + Level 22.2 Armour
 + Level 17.3 Dodging
 - Level 6.6 Stealth
 + Level 21.6 Shields
 * Level 24.2 Invocations


You had 26 spell levels left.
You didn't know any spells.

Dungeon Overview and Level Annotations

Branches:
Dungeon (15/15)            Temple (0/1) D:6            Lair (8/8) D:10
 Shoals (4/4) Lair:3        Snake (4/4) Lair:4        Slime (0/6) Lair:8
    Orc (4/4) D:10            Elf (0/3) Orc:4        Vaults (5/5) D:14
  Crypt (3/3) Vaults:2       Tomb (0/3) Crypt:3      Depths (5/5) D:15
    Zot (0/5) Depths:5

Altars:
Cheibriados
Dithmenos
Gozag
Makhleb
Nemelex Xobeh
Okawaru
Ru
Sif Muna
Vehumet
Xom
Yredelemnul
Zin
The Shining One
Beogh

Shops:
D:10 (   D:14 !**(   Orc:4 [}![*(*:*   Shoals:1 *(*   Shoals:3 %   Snake:3 }
Vaults:1 [   Vaults:2 (   Depths:2 (   Depths:3 **(

Portals:
Hell: Lair:8 Depths:1 Depths:2 Depths:3 Depths:4 Depths:5
Abyss: Depths:4
Pandemonium: Depths:3
Trove: Vaults:1 (give 18 potions of curing)

Annotations:
Shoals:4 exclusion: oklob plant
Pan Lom Lobon


Innate Abilities, Weirdness & Mutations

You have a pair of small horns on your head.
You have sharp toenails.
You are surrounded by a moderate repulsion field (EV +3).
You are partially covered in yellow scales (AC +2).
You tend to lose your temper in combat.
Scrolls take you a little longer to read.
Your mind is acute. (Int +2)
Your flesh is very heat resistant.
You are frail (-10% HP).
Your magical capacity is low (-10% MP).
You are sometimes teleported to nearby monsters.


Message History

Unknown command.
Unknown command.
Unknown command.
Unknown command.
Unknown command.
You are engulfed in freezing vapours.
You resist.
Unknown command.
Unknown command.
Are you sure you want to fly over deep water while you are losing your buoyancy?
Okay, then.
Are you sure you want to fly over deep water while you are losing your buoyancy?
Okay, then.
Are you sure you want to fly over deep water while you are losing your buoyancy?
Okay, then.
Unknown command.
Are you sure you want to fly over deep water while you are losing your buoyancy?
You are engulfed in freezing vapours.
You resist.
You float gracefully downwards.
You fall into the water!
You sink like a stone!
You drown...
You die...

#§§§..§...?.≈≈≈≈### #≈≈
#§A..§.§.......≈≈≈## ##≈.
#§§.......§§§§§..≈≈#* #≈≈.
##§.§§.§§.§§§§§...≈≈* #≈..
##§.§.§§§§§§§§....≈** #≈..
####§§§.§§§§§§....≈≈* #≈..
##.§##†..§§§§§§.....≈**#≈..
#§.§2...§§§§§§§.....≈≈*#≈..
#.φ.§§..&§@§§§§.....≈≈*#≈..
##.§##§...§§§§§§....≈**#≈..
####A..§§§§§......≈≈* #≈..
##..§.§.§.§§......≈** #≈..
##.§§.§......)....≈≈* #≈..
#..........§§....≈≈#* #≈≈.
#..............§≈≈## ##≈.
#...........≈≈≈≈### #≈≈
##.....########### ###


You could see Lom Lobon, a blizzard demon and a friendly daeva.

Vanquished Creatures
  Cerebov (Pan)
  Gloorx Vloq (Pan)
  2 pandemonium lords (Pan)
  An ancient lich (Vaults:5)
  Mara (Crypt:2)
  A juggernaut (Zig:5)
  Frederick (Vaults:5)
  Margery (Vaults:5)
  Norris (Snake:4)
  Vashnia (Snake:4)
  2 caustic shrikes
  2 golden dragons
  Nikola (Snake:1)
  A profane servitor (Crypt:3)
  3 bone dragons
  A shard shrike zombie (Crypt:2)
  5 Brimstone Fiends (Pan)
  Rupert (Lair:7)
  3 Hell Sentinels
  4 tentacled monstrosities
  A Shadow Fiend (Pan)
  7 liches
  13 deep elf blademasters
  8 deep elf master archers
  An acid blob (Zig:1)
  20 titans
  10 Executioners (Pan)
  Polyphemus (Shoals:3)
  8 sphinxes
  Gastronok (Lair:3)
  A draconian monk (Zig:9)
  Kirke (Snake:2)
  6 shadow dragons
  6 tengu reavers
  7 storm dragons
  2 tentacled starspawn (Zig:12)
  9 ancient champions
  Ilsuiw (Shoals:3)
  8 greater nagas
  An orc warlord (Orc:3)
  7 revenants
  19 fire giants
  Donald (Shoals:3)
  17 frost giants
  18 balrugs
  Maud (Lair:6)
  5 ghost moths
  A deep elf sorcerer (Depths:2)
  3 cacodemons (Pan)
  Aizul (Shoals:2)
  Louise (Snake:4)
  2 iron dragons (Depths:4)
  3 draconian zealots
  A draconian scorcher (Zig:9)
  18 vault wardens
  4 curse skulls
  The ghost of Sagrath01 the Swashbuckler, an adept KoBe of Trog (Snake:1)
  A juggernaut zombie (Zig:16)
  A caustic shrike zombie (Depths:4)
  24 ghouls
  2 emperor scorpions
  6 draconian annihilators
  A warmonger (Pan)
  22 very ugly things
  17 ironheart preservers
  13 large abominations
  25 stone giants
  5 spriggan defenders
  3 draconian callers
  4 war gargoyles
  8 reapers
  A chaos champion (Pan)
  10 green draconians
  4 bennus (Zig:8)
  5 vampire knights
  8 deep elf demonologists
  A black draconian (Depths:1)
  2 salamander stormcallers
  6 mottled draconians
  2 yellow draconians
  2 red draconians
  A dire elephant (Lair:8)
  3 purple draconians
  2 white draconians
  13 deep elf annihilators
  5 deep elf death magi
  2 lorocyprocas (Pan)
  9 ettins
  Snorg (D:11)
  5 merfolk javelineers
  5 jiangshi
  13 eidola
  A crystal guardian (Vaults:3)
  A minotaur (Lab)
  3 blizzard demons (Pan)
  6 entropy weavers
  11 green deaths (Pan)
  A mummy priest (Crypt:3)
  11 fire dragons
  27 vault guards
  Josephine (Shoals:1)
  16 yaktaur captains
  9 great orbs of eyes
  8 merfolk impalers
  7 rakshasas
  6 deep elf high priests
  The ghost of Uberwunderbarhen the Thaumaturge, a journeyman DEFE of Vehumet (Lair:3)
  Fannar (D:12)
  Harold (Lair:2)
  Erolcha (D:9)
  A caustic shrike simulacrum (Depths:4)
  15 naga warriors
  A catoblepas (Shoals:3)
  4 centaur warriors
  4 ice dragons
  6 hydras
  13 spriggan air magi
  10 anacondas
  16 ogre magi
  Erica (D:10)
  5 death knights
  3 merfolk aquamancers
  3 alligator snapping turtles
  2 merfolk avatars
  A satyr (Shoals:3)
  5 vampire magi
  25 death yaks
  8 deep troll earth magi
  3 deep troll shamans
  5 tengu warriors
  4 shock serpents (Snake:4)
  22 naga sharpshooters
  Urug (D:11)
  26 sun demons
  An iron golem (Zig:5)
  3 spriggan berserkers
  7 soul eaters (Pan)
  A small abomination (Zig:13)
  2 storm dragon zombies
  5 orc high priests
  2 wretched stars (Zig:12)
  An ice devil (Pan)
  2 fire crabs
  A death scarab (Zig:8)
  A spatial maelstrom (Zig:12)
  2 iron trolls (Depths:2)
  47 skeletal warriors
  6 shadow wraiths
  4 hell knights (Vaults:5)
  A death drake (shapeshifter) (Zig:13)
  5 unseen horrors
  A titan skeleton (Zig:8)
  15 deep elf knights
  2 gelid demonspawn (Pan)
  26 deep trolls
  2 storm dragon skeletons
  A giant orange brain (shapeshifter) (Depths:2)
  A swamp dragon (shapeshifter) (D:12)
  6 sea snakes
  20 phantasmal warriors
  An anubis guard (Zig:8)
  An orange crystal statue (Zig:4)
  2 putrid demonspawn (Pan)
  6 deep elf summoners
  9 flayed ghosts
  3 shadow dragon zombies
  Pikel (D:6)
  3 infernal demonspawn (Pan)
  2 deep trolls (shapeshifter)
  A golden dragon skeleton (Zig:8)
  21 harpies
  5 hill giants
  11 naga ritualists
  6 giant orange brains
  A tengu zombie (Vaults:5)
  A harpy (shapeshifter) (Vaults:3)
  4 shadow demons
  7 wizards
  17 deep elf conjurers
  13 orc knights
  A sphinx zombie (Vaults:5)
  16 wolf spiders
  15 ironbrand convokers
  3 wolf spider zombies
  10 necromancers
  An anubis guard (shapeshifter) (Depths:2)
  3 orc sorcerers
  16 manticores
  An oklob plant (Lair:8)
  A mana viper (shapeshifter) (Depths:2)
  A human zombie (Vaults:3)
  6 fauns (Shoals:1)
  A tengu skeleton (Zig:4)
  7 hornets
  4 water nymphs
  11 orb spiders
  4 cyclopes
  3 fire giant zombies (Crypt:3)
  An iron dragon zombie (Crypt:3)
  A shadow dragon skeleton (Depths:4)
  9 sixfirhies (Pan)
  48 ugly things
  11 griffons
  A faun (shapeshifter) (Vaults:4)
  13 mana vipers
  10 salamanders
  9 elephants
  5 guardian serpents
  9 sirens
  26 naga magi
  2 stone giant skeletons
  4 frost giant skeletons
  Maurice (D:8)
  2 elf zombies (Zig:16)
  A dire elephant zombie (Crypt:3)
  2 spiny frogs (shapeshifter)
  A hellion (Zig:16)
  38 black mambas
  7 rust devils
  11 spiny frogs
  Psyche (D:9)
  3 torpor snails
  6 kobold demonologists
  18 vault sentinels
  7 orange demons
  23 smoke demons
  11 komodo dragons
  53 yaktaurs
  3 fire drakes
  A gargoyle (D:14)
  A dire elephant skeleton (Pan)
  A white draconian zombie (Crypt:1)
  An alligator snapping turtle skeleton (Crypt:1)
  8 hellwings
  7 tormentors
  9 centaur skeletons
  10 blue devils
  An iron troll zombie (Crypt:2)
  A fire drake (shapeshifter) (Vaults:3)
  16 red devils
  A redback zombie (D:14)
  A green draconian skeleton (Crypt:2)
  2 efreet
  A black draconian skeleton (Crypt:1)
  13 deep elf priests
  11 demonic crawlers
  A guardian mummy (Crypt:3)
  2 hydra zombies
  27 merfolk
  An ancient zyme (Zig:12)
  3 tengu conjurers
  16 wind drakes
  A grey draconian skeleton (Crypt:1)
  8 jumping spiders
  12 freezing wraiths
  A polar bear (shapeshifter) (Depths:2)
  7 trolls
  28 two-headed ogres
  A hydra skeleton (Crypt:1)
  2 ushabtiu
  21 blink frogs
  12 snapping turtles
  3 polar bears
  A silent spectre (Zig:4)
  A sphinx simulacrum (Vaults:2)
  7 boulder beetles
  A snapping turtle (shapeshifter) (Depths:4)
  An ettin zombie (Crypt:1)
  An ice dragon zombie (Crypt:1)
  A raiju (shapeshifter) (Depths:4)
  13 slime creatures
  10 spriggans
  9 ynoxinuls
  18 water elementals
  7 shadows
  A centaur simulacrum (D:12)
  A frost giant simulacrum (Vaults:1)
  7 trapdoor spiders
  A black mamba zombie (Crypt:3)
  A fire dragon skeleton (Crypt:1)
  6 starcursed masses (Zig:12)
  A redback (shapeshifter) (Vaults:4)
  A spriggan (shapeshifter) (Depths:2)
  18 air elementals
  6 tarantellas
  18 deep elf magi
  A yaktaur simulacrum (Vaults:5)
  14 redbacks
  6 flying skulls
  An ettin skeleton (Vaults:3)
  18 wraiths
  2 yaks (shapeshifter)
  A black mamba skeleton (Crypt:1)
  13 hippogriffs
  57 yaks
  3 hogs (Snake:2)
  3 basilisks
  3 mottled dragons
  30 deep elf fighters
  2 human simulacra
  64 nagas
  4 hungry ghosts (Lab)
  9 neqoxecs (Pan)
  Menkaure (D:6)
  6 wargs
  The ghost of WereVolvo the Vandal, an amateur HaHu (D:3)
  5 chaos spawn
  A torturous demonspawn zombie (Crypt:1)
  A spatial vortex (Zig:12)
  5 hell hounds
  12 vampire mosquitoes
  16 water moccasins
  A water moccasin (shapeshifter) (Vaults:5)
  5 wolves
  5 sky beasts
  8 porcupines
  A slave (D:6)
  2 manticore zombies (Crypt:1)
  49 orc warriors
  3 snapping turtle zombies
  An eye of draining (shapeshifter) (Vaults:2)
  An ettin simulacrum (Vaults:1)
  An eye of draining (Zig:12)
  3 black bears
  10 spiders
  55 ogres
  7 ice beasts
  3 phantoms
  8 wasps
  15 centaurs
  A swamp dragon zombie (Crypt:3)
  23 necrophages
  A snapping turtle skeleton (Crypt:1)
  4 boggarts
  20 crocodiles
  25 giant frogs
  A big kobold (shapeshifter) (Depths:3)
  11 big kobolds
  2 brain worms
  2 human skeletons
  A giant frog (shapeshifter) (Vaults:2)
  An elf skeleton (Crypt:1)
  4 scorpions
  A draconian skeleton (Crypt:1)
  12 wyvern skeletons (Crypt:3)
  9 killer bees
  3 spriggan zombies
  A manticore simulacrum (Crypt:1)
  An elf simulacrum (Vaults:3)
  10 wights
  A warg skeleton (Crypt:1)
  14 bog bodies
  14 crimson imps
  7 electric eels
  3 iron imps (Zig:16)
  9 jellies
  51 orc priests
  7 giant frog zombies
  A soldier ant zombie (Crypt:2)
  42 orc wizards
  Crazy Yiuf (D:7)
  A porcupine zombie (Crypt:1)
  4 centaur zombies
  5 hounds
  3 giant frog skeletons
  12 worker ants
  8 iguanas
  A lightning spire (Zig:6)
  2 wolf simulacra (D:11)
  2 yak simulacra (D:11)
  An ogre zombie (Crypt:1)
  4 polar bear simulacra (D:11)
  15 sheep
  A mottled dragon skeleton (Crypt:1)
  3 ogre skeletons (Lab)
  A hound skeleton (D:6)
  2 hound zombies (Ossuary)
  10 mummies
  5 worker ant zombies
  10 adders
  5 gnolls
  23 river rats
  6 shadow imps
  An adder zombie (Ossuary)
  An iguana zombie (Crypt:2)
  3 worms
  An adder skeleton (D:5)
  2 lava snake skeletons (Crypt:2)
  An iguana skeleton (Crypt:2)
  4 giant geckos
  155 orcs
  A ball python (D:5)
  9 bats
  9 giant cockroaches
  14 goblins
  14 hobgoblins
  44 kobolds
  5 quokkas
  A giant gecko skeleton (D:7)
  2 giant gecko zombies (Ossuary)
  4 giant newts
  8 jackals
  A jackal zombie (D:6)
  A quokka zombie (Ossuary)
  9 rats
  3 river rat simulacra (D:11)
  2 crawling corpses
  9 fire vortices
  9 fungi
  29 plants
  3 starspawn tentacles (Zig:12)
3069 creatures vanquished.

Vanquished Creatures (collateral kills)
  A trapdoor spider (Zig:15)
1 creature vanquished.

Vanquished Creatures (others)
  A titan (Pan)
  A tengu reaver (Vaults:5)
  A frost giant (Crypt:1)
  2 fire giants
  A draconian zealot (Depths:5)
  A deep elf knight (Crypt:3)
  5 ball lightnings (Pan)
  A wizard (Pan)
  A flayed ghost (Vaults:3)
  An anubis guard (Zig:8)
  A deep troll (Vaults:5)
  An orb spider (Zig:15)
  An ugly thing (Vaults:2)
  2 wind drakes (Pan)
  A two-headed ogre (Depths:2)
  A redback (Vaults:5)
  A vampire mosquito (Vaults:1)
  2 deep elf fighters
  2 humans (Snake:2)
  A boggart (Depths:3)
  3 ogres (Vaults:5)
  A giant frog zombie (D:6)
  An orc wizard (Orc:3)
  20 fungi
  9 lost souls
  28 plants
  4 starspawn tentacles (Zig:12)
  61 starspawn tentacle segments (Zig:12)
155 creatures vanquished.

Grand Total: 3225 creatures vanquished

Notes
Turn   | Place    | Note
--------------------------------------------------------------
     0 | D:1      | inmateoo the Hill Orc Assassin began the quest for the Orb.
     0 | D:1      | Reached XP level 1. HP: 18/18 MP: 1/1
    79 | D:1      | Found a sparkling altar of Nemelex Xobeh.
   114 | D:1      | Reached skill level 1 in Dodging
   155 | D:1      | Reached XP level 2. HP: 25/25 MP: 2/2
  1270 | D:2      | Reached XP level 3. HP: 26/31 MP: 3/3
  1328 | D:2      | Reached skill level 1 in Axes
  1526 | D:2      | Reached skill level 1 in Armour
  1817 | D:2      | Reached XP level 4. HP: 26/38 MP: 4/4
  2066 | D:3      | Noticed WereVolvo's ghost (amateur HaHu)
  2389 | D:3      | Found an iron altar of Okawaru.
  2395 | D:3      | Became a worshipper of Warmaster Okawaru
  3036 | D:4      | Found a deep blue altar of Sif Muna.
  3036 | D:4      | Found a basalt altar of Yredelemnul.
  3058 | D:4      | Noticed a phantom
  3253 | D:4      | Killed a phantom
  3253 | D:4      | Reached skill level 4 in Fighting
  3253 | D:4      | Reached XP level 5. HP: 17/46 MP: 5/5
  3680 | D:4      | Reached XP level 6. HP: 47/52 MP: 6/6
  3752 | D:4      | Found a glowing silver altar of Zin.
  4010 | D:4      | Reached * piety under Okawaru
  4781 | D:3      | Killed WereVolvo's ghost
  4781 | D:3      | Reached skill level 5 in Axes
  4781 | D:3      | Reached XP level 7. HP: 37/60 MP: 7/7
  5115 | D:5      | Entered Level 5 of the Dungeon
  5223 | D:5      | Found a glowing golden altar of the Shining One.
  5230 | D:5      | Found an iron altar of Okawaru.
  5341 | D:5      | Found a deep blue altar of Sif Muna.
  5379 | D:5      | Reached ** piety under Okawaru
  5442 | D:5      | Found an opulent altar of Gozag.
  5532 | D:5      | Reached skill level 5 in Fighting
  5555 | D:5      | Reached skill level 6 in Axes
  6078 | D:6      | Reached XP level 8. HP: 46/69 MP: 8/8
  6108 | D:6      | Found a staircase to the Ecumenical Temple.
  6112 | D:6      | Noticed Pikel
  6236 | D:6      | Reached skill level 7 in Axes
  6236 | D:6      | Reached skill level 5 in Stealth
  6642 | D:6      | Killed Pikel
  6642 | D:6      | Reached *** piety under Okawaru
  6642 | D:6      | Reached skill level 8 in Axes
  6642 | D:6      | Reached skill level 5 in Armour
  6698 | D:6      | Reached XP level 9. HP: 78/78 MP: 9/9
  6909 | D:6      | Noticed Menkaure
  6937 | D:6      | Killed Menkaure
  6937 | D:6      | Reached skill level 9 in Axes
  7820 | D:7      | Got a jewelled large shield
  7826 | D:7      | Identified the +6 large shield of the Gloaming {+Blink rElec rC+ Int+2} (You found it on level 7 of the Dungeon)
  7914 | D:7      | Found a sand-covered staircase.
  7930 | Ossuary  | Entered an ossuary
  7965 | Ossuary  | Reached skill level 1 in Shields
  8146 | Ossuary  | Reached **** piety under Okawaru
  8146 | Ossuary  | Reached skill level 10 in Axes
  8939 | D:7      | Noticed Crazy Yiuf
  8951 | D:7      | Killed Crazy Yiuf
  9552 | D:8      | Reached XP level 10. HP: 80/88 MP: 10/10
  9567 | D:8      | Noticed Maurice
  9842 | D:8      | Gained mutation: You are occasionally teleported to nearby monsters. [mutagenic meat]
  9896 | D:8      | Killed Maurice
  9896 | D:8      | Reached skill level 11 in Axes
 10242 | D:9      | Reached skill level 1 in Invocations
 10267 | D:9      | Noticed Psyche
 10285 | D:9      | Killed Psyche
 10304 | D:9      | Reached ***** piety under Okawaru
 10770 | D:9      | Noticed Erolcha
 10778 | D:10     | Entered Level 10 of the Dungeon
 10782 | D:10     | Noticed Erica
 10903 | D:11     | Noticed a white ugly thing
 11271 | D:10     | Killed Erica
 11271 | D:10     | Reached skill level 12 in Axes
 11271 | D:10     | Reached skill level 5 in Shields
 11271 | D:10     | Reached XP level 11. HP: 81/95 MP: 12/14
 11613 | D:10     | HP: 3/95 [something (6)]
 11647 | D:10     | Killed an unseen horror
 12013 | D:10     | Found a roughly hewn altar of Beogh.
 12013 | D:10     | Found a staircase to the Orcish Mines.
 12319 | D:10     | Noticed a hill giant
 12335 | D:10     | Killed a hill giant
 12537 | D:10     | Received a gift from Okawaru
 12549 | D:10     | Reached skill level 5 in Invocations
 12560 | D:10     | Found Tomew's Weapon Shop.
 12789 | D:10     | Found a staircase to the Lair.
 12824 | D:10     | Reached skill level 13 in Axes
 13214 | D:11     | Noticed a hill giant
 13237 | D:11     | Killed a hill giant
 13284 | D:11     | Noticed a sun demon
 13455 | D:10     | Killed an unseen horror
 13455 | D:10     | Reached XP level 12. HP: 28/106 MP: 16/16
 13769 | D:11     | Noticed a red ugly thing
 13772 | D:11     | Noticed Snorg
 14011 | Lair:1   | Entered Level 1 of the Lair of Beasts
 14057 | Lair:1   | Reached skill level 10 in Fighting
 14411 | Lair:1   | Noticed a seven-headed hydra
 14434 | Lair:1   | Killed a one-headed hydra
 14437 | Lair:1   | Received a gift from Okawaru
 14441 | Lair:1   | Reached skill level 14 in Axes
 15657 | Lair:2   | Noticed Harold
 15677 | Lair:2   | Killed Harold
 15677 | Lair:2   | Reached skill level 5 in Dodging
 15705 | Lair:2   | Noticed a six-headed hydra
 15719 | Lair:2   | Killed a one-headed hydra
 15719 | Lair:2   | Reached ****** piety under Okawaru
 17058 | Lair:3   | Noticed a death yak
 17058 | Lair:3   | Noticed Maud
 17106 | Lair:3   | Noticed Uberwunderbarhen's ghost (journeyman DEFE)
 17130 | Lair:3   | Killed Uberwunderbarhen's ghost
 17137 | Lair:3   | Killed a death yak
 17137 | Lair:3   | Received a gift from Okawaru
 17352 | Lair:3   | Received a gift from Okawaru
 17405 | Lair:3   | Reached XP level 13. HP: 102/115 MP: 18/18
 17538 | Lair:3   | Reached skill level 15 in Axes
 17729 | Lair:3   | Noticed Gastronok
 17748 | Lair:3   | Killed Gastronok
 17781 | Lair:3   | Found a staircase to the Shoals.
 18081 | Lair:4   | Found a radiant altar of Vehumet.
 18239 | Lair:4   | Found a staircase to the Snake Pit.
 18553 | Lair:4   | Received a gift from Okawaru
 18938 | Lair:4   | Reached skill level 10 in Armour
 18950 | Lair:4   | Reached skill level 16 in Axes
 19461 | Lair:5   | Reached XP level 14. HP: 123/125 MP: 21/21
 20226 | Lair:6   | Found a labyrinth entrance.
 20245 | Lab      | Entered a labyrinth
 20599 | Lab      | Got an ancient helmet
 20603 | Lab      | Identified the +2 helmet "Zeegit" {rElec MR+ Regen+} (You found it in a labyrinth)
 21155 | Lab      | Received a gift from Okawaru
 21155 | Lab      | Reached skill level 10 in Invocations
 21157 | Lab      | Got a faintly glowing glass ring
 21172 | Lab      | Got an ancient plate armour
 21187 | Lair:6   | Identified the cursed +1 plate armour "Piso" {rN+ Regen+ Str+4} (You found it in a labyrinth)
 21209 | Lair:6   | Identified a +2 pair of boots of running (You found it in a labyrinth)
 21311 | Lair:6   | Got a distressingly furry leather armour
 21312 | Lair:6   | Identified the cursed ring of Ru's Favour {rF++ AC-2 Int-2} (You found it in a labyrinth)
 21428 | Lair:6   | Killed Maud
 21638 | Lair:6   | Reached skill level 17 in Axes
 22255 | Lair:7   | Noticed Rupert
 22259 | Lair:8   | Entered Level 8 of the Lair of Beasts
 22298 | Lair:8   | Found a staircase to the Slime Pits.
 22941 | Lair:8   | Received a gift from Okawaru
 22945 | Lair:8   | Reached XP level 15. HP: 110/134 MP: 21/23
 23203 | Lair:8   | Found a burning altar of Makhleb.
 23218 | Lair:8   | Reached skill level 10 in Shields
 23242 | Lair:8   | Found a gateway to Hell.
 23442 | Lair:7   | Reached skill level 18 in Axes
 23551 | Lair:7   | Killed Rupert
 24309 | D:11     | Killed a red ugly thing
 24320 | D:11     | Killed a red ugly thing
 24328 | D:11     | Gained mutation: You are sometimes teleported to nearby monsters. [mutagenic meat]
 24330 | D:11     | Gained mutation: Your muscles are strong. (Str +2) [mutagenic meat]
 24438 | D:11     | Noticed Urug
 24466 | D:11     | Killed Urug
 24544 | D:11     | Noticed a necromancer
 24555 | D:11     | Killed a necromancer
 24666 | D:11     | Received a gift from Okawaru
 24708 | D:11     | Killed Snorg
 25008 | D:12     | Noticed Fannar
 25031 | D:12     | Killed Fannar
 25127 | D:12     | Gained mutation: You are often teleported to nearby monsters. [mutagenic meat]
 25128 | D:12     | Gained mutation: You have a pair of small horns on your head. [mutagenic meat]
 25129 | D:12     | Gained mutation: Your natural rate of healing is unusually fast. [mutagenic meat]
 25130 | D:12     | Gained mutation: Your muscles are very strong. (Str +4) [mutagenic meat]
 25220 | D:12     | Gained mutation: You are agile. (Dex +2) [mutagenic meat]
 25222 | D:12     | Lost mutation: You are agile. (Dex +2) [mutagenic meat]
 25223 | D:12     | Gained mutation: Your mind is acute. (Int +2) [mutagenic meat]
 25224 | D:12     | Gained mutation: You heal very quickly. [mutagenic meat]
 25286 | D:12     | Gained mutation: Your spells are a little easier to cast, but a little less powerful. [mutagenic meat]
 25287 | D:12     | Gained mutation: You are agile. (Dex +2) [mutagenic meat]
 25288 | D:12     | Lost mutation: You are often teleported to nearby monsters. [mutagenic meat]
 25548 | D:12     | Found a large runed door.
 25549 | D:12     | Found a large runed door.
 25680 | D:12     | Found a shadowy altar of Dithmenos.
 25687 | D:12     | Found a sparkling altar of Nemelex Xobeh.
 25690 | D:12     | Gained mutation: You possess an exceptional clarity of mind. [mutagenic meat]
 25691 | D:12     | Lost mutation: You heal very quickly. [mutagenic meat]
 25693 | D:12     | Lost mutation: Your spells are a little easier to cast, but a little less powerful. [mutagenic meat]
 25796 | D:13     | Reached XP level 16. HP: 142/144 MP: 25/25
 26327 | D:14     | Found Gommaaga's General Store.
 26423 | D:14     | Found Kiotaa's Weapon Shop.
 26510 | D:14     | Found Kaofral's Distillery.
 26517 | D:14     | Bought a potion of cure mutation for 525 gold pieces
 26517 | D:14     | Lost mutation: You are agile. (Dex +2) [potion of cure mutation]
 26517 | D:14     | Lost mutation: Your natural rate of healing is unusually fast. [potion of cure mutation]
 26517 | D:14     | Lost mutation: You possess an exceptional clarity of mind. [potion of cure mutation]
 26517 | D:14     | Lost mutation: Your mind is acute. (Int +2) [potion of cure mutation]
 26517 | D:14     | Lost mutation: You have a pair of small horns on your head. [potion of cure mutation]
 26519 | D:14     | Bought a potion of heal wounds for 75 gold pieces
 26519 | D:14     | Bought a potion of heal wounds for 75 gold pieces
 26519 | D:14     | Bought a potion of curing for 45 gold pieces
 26519 | D:14     | Bought a potion of resistance for 150 gold pieces
 26519 | D:14     | Bought a potion of might for 60 gold pieces
 26721 | D:14     | Found Lual's Assorted Antiques.
 26726 | D:14     | Bought 2 golden potions for 64 gold pieces
 26727 | D:14     | Gained mutation: Your flesh is heat resistant. [potion of mutation]
 26727 | D:14     | Gained mutation: Your magical capacity is low (-10% MP). [potion of mutation]
 26727 | D:14     | Gained mutation: You have sharp toenails. [potion of mutation]
 26728 | D:14     | Lost mutation: You have sharp toenails. [potion of mutation]
 26728 | D:14     | Gained mutation: You are clumsy. (Dex -2) [potion of mutation]
 26841 | D:14     | Reached skill level 19 in Axes
 26869 | D:14     | Found a gate to the Vaults.
 27137 | D:15     | Entered Level 15 of the Dungeon
 27656 | D:15     | Found a sacrificial altar of Ru.
 28189 | Orc:1    | Entered Level 1 of the Orcish Mines
 28695 | Orc:2    | Found a shimmering altar of Xom.
 29296 | Orc:3    | Found a roughly hewn altar of Beogh.
 29525 | Orc:3    | Received a gift from Okawaru
 29654 | Orc:3    | Found a roughly hewn altar of Beogh.
 29842 | Orc:4    | Entered Level 4 of the Orcish Mines
 29897 | Orc:2    | Received a gift from Okawaru
 29899 | Orc:2    | Got a transparent crystal plate armour {god gift}
 29900 | Orc:2    | Identified the +4 crystal plate armour of the Hanged Man {rN++ Str+7} (Okawaru gifted it to you on level 2 of the Orcish Mines)
 30095 | Orc:4    | Found Muyvaps's Book Boutique.
 30100 | Orc:4    | Found Arid's Assorted Antiques.
 30233 | Orc:4    | Found Kumaediezu's Antique Weapon Boutique.
 30233 | Orc:4    | Found Icsooloq's Gadget Shop.
 30233 | Orc:4    | Found Gagap's Armour Shop.
 30247 | Orc:4    | Found a staircase to the Elven Halls.
 30311 | Orc:4    | Found Numperr's Assorted Antiques.
 30374 | Orc:4    | Bought a potion of curing for 81 gold pieces
 30374 | Orc:4    | Bought a potion of agility for 108 gold pieces
 30451 | Orc:4    | Found Fuaff's General Store.
 30497 | Orc:4    | Bought a bound iron ring for 145 gold pieces
 30497 | Orc:4    | Bought a fuming grey potion for 26 gold pieces
 30497 | Orc:4    | Bought a scroll labeled JEMOKHL ME TEN for 29 gold pieces
 30497 | Orc:4    | Bought a potion of curing for 87 gold pieces
 30509 | Orc:4    | Identified the ring "Rattekk" {rPois rF- Dex+4 SInv} (You bought it in a shop on level 4 of the Orcish Mines)
 30664 | Orc:4    | Found Qumeqa's Antique Armour Shop.
 30701 | Orc:4    | Found Hymaowos's Distillery.
 30710 | Orc:4    | Bought a potion of curing for 54 gold pieces
 30710 | Orc:4    | Bought a potion of might for 72 gold pieces
 30710 | Orc:4    | Bought a potion of might for 72 gold pieces
 30710 | Orc:4    | Bought a potion of agility for 72 gold pieces
 30710 | Orc:4    | Bought a potion of heal wounds for 90 gold pieces
 30710 | Orc:4    | Bought a potion of agility for 72 gold pieces
 30710 | Orc:4    | Bought a potion of agility for 72 gold pieces
 31197 | Snake:1  | Entered Level 1 of the Snake Pit
 31658 | Snake:1  | Noticed Sagrath01's ghost (adept KoBe)
 31669 | Snake:1  | Killed Sagrath01's ghost
 31848 | Snake:1  | Noticed Nikola
 31861 | Snake:1  | Killed Nikola
 32029 | Snake:2  | Reached XP level 17. HP: 142/152 MP: 24/24
 32207 | Snake:2  | Found a basalt altar of Yredelemnul.
 32270 | Snake:2  | Reached skill level 20 in Axes
 32277 | Snake:2  | Received a gift from Okawaru
 32411 | Snake:2  | Noticed Kirke
 32423 | Snake:2  | Killed Kirke
 34027 | Snake:3  | Found Raikurph's Gadget Emporium.
 34049 | Snake:3  | Bought a plain deck of changes for 224 gold pieces
 34049 | Snake:3  | Bought a plain deck of defence for 224 gold pieces
 34065 | Snake:3  | Drew Focus: Str increased to 22, Int decreased to 10
 34182 | Snake:4  | Entered Level 4 of the Snake Pit
 34245 | Snake:4  | Received a gift from Okawaru
 34273 | Snake:4  | Got a slimy war axe {god gift}
 34274 | Snake:4  | Identified the +11 war axe of Wyrd {freeze, rPois} (Okawaru gifted it to you on level 4 of the Snake Pit)
 34280 | Snake:4  | Noticed Norris
 34303 | Snake:4  | Killed Norris
 34315 | Snake:4  | Reached XP level 18. HP: 53/162 MP: 23/25
 34346 | Snake:4  | Reached skill level 21 in Axes
 34346 | Snake:4  | Received a gift from Okawaru
 34569 | Snake:4  | Noticed Vashnia
 34602 | Snake:4  | Killed Vashnia
 34618 | Snake:4  | Reached skill level 15 in Fighting
 34897 | Snake:4  | Received a gift from Okawaru
 35037 | Snake:4  | Noticed Louise
 35056 | Snake:4  | Killed Louise
 35056 | Snake:4  | Reached skill level 10 in Dodging
 35293 | Snake:4  | Lost mutation: You are clumsy. (Dex -2) [potion of cure mutation]
 35293 | Snake:4  | Lost mutation: Your magical capacity is low (-10% MP). [potion of cure mutation]
 35293 | Snake:4  | Lost mutation: Your muscles are very strong. (Str +4) [potion of cure mutation]
 35293 | Snake:4  | Lost mutation: Your muscles are strong. (Str +2) [potion of cure mutation]
 35596 | Snake:4  | Received a gift from Okawaru
 35709 | Snake:4  | Got a serpentine rune of Zot
 36273 | Shoals:1 | Entered Level 1 of the Shoals
 36273 | Shoals:1 | Found Zucapten's Assorted Antiques.
 36273 | Shoals:1 | Found Pyur's Weapon Shop.
 36378 | Shoals:1 | Bought a scroll of teleportation for 78 gold pieces
 36378 | Shoals:1 | Bought a bronze wand for 104 gold pieces
 36378 | Shoals:1 | Bought a potion of curing for 78 gold pieces
 36379 | Shoals:1 | Bought a potion of agility for 104 gold pieces
 36379 | Shoals:1 | Bought a scroll of identify for 52 gold pieces
 36413 | Shoals:1 | Found Imotai's General Store.
 36449 | Shoals:1 | Reached skill level 15 in Invocations
 36551 | Shoals:1 | Noticed Josephine
 36608 | Shoals:1 | Killed Josephine
 36814 | Shoals:1 | Reached XP level 19. HP: 166/170 MP: 30/30
 36823 | Shoals:1 | Reached skill level 22 in Axes
 37005 | Shoals:2 | Noticed Aizul
 37033 | Shoals:2 | Killed Aizul
 37742 | Shoals:3 | Noticed Polyphemus
 37833 | Shoals:3 | Killed Polyphemus
 38042 | Shoals:3 | Found Ycacril's Food Boutique.
 38294 | Shoals:3 | Noticed Donald
 38308 | Shoals:3 | Killed Donald
 38322 | Shoals:3 | Received a gift from Okawaru
 38573 | Shoals:4 | Entered Level 4 of the Shoals
 38600 | Shoals:4 | Gained mutation: You have very sharp teeth. [potion of mutation]
 38600 | Shoals:4 | Gained mutation: You are frail (-10% HP). [potion of mutation]
 38600 | Shoals:4 | Gained mutation: Your mind is acute. (Int +2) [potion of mutation]
 39050 | Shoals:4 | Noticed Ilsuiw
 39589 | Shoals:3 | Killed Ilsuiw
 39801 | Shoals:4 | Received a gift from Okawaru
 39845 | Shoals:4 | Found a shadowy altar of Dithmenos.
 40051 | Shoals:4 | Got a barnacled rune of Zot
 40750 | Vaults:1 | Entered Level 1 of the Vaults
 40881 | Vaults:1 | Reached skill level 23 in Axes
 41049 | Vaults:1 | Reached XP level 20. HP: 157/162 MP: 31/31
 41224 | Vaults:1 | Reached skill level 15 in Armour
 41428 | Vaults:1 | Lost mutation: Your flesh is heat resistant. [potion of cure mutation]
 41428 | Vaults:1 | Lost mutation: You are frail (-10% HP). [potion of cure mutation]
 41428 | Vaults:1 | Lost mutation: You have very sharp teeth. [potion of cure mutation]
 41428 | Vaults:1 | Lost mutation: Your mind is acute. (Int +2) [potion of cure mutation]
 41528 | Vaults:1 | Found a portal to a secret trove of treasure.
 41638 | Vaults:1 | Found Domaczen's Armour Emporium.
 41936 | Vaults:2 | Found Raryl's Antique Weapon Emporium.
 42013 | Vaults:2 | Received a gift from Okawaru
 42016 | Vaults:2 | Got a dazzling shield {god gift}
 42019 | Vaults:2 | Identified the +5 shield of the Jolly Curses {-Tele rF+++ Int+5} (Okawaru gifted it to you on level 2 of the Vaults)
 42192 | Vaults:2 | Found a staircase to the Crypt.
 42636 | Vaults:2 | Gained mutation: Your spells are a little easier to cast, but a little less powerful. [mutagenic meat]
 43135 | Vaults:3 | Received a gift from Okawaru
 43138 | Vaults:3 | Reached skill level 24 in Axes
 43207 | Vaults:3 | Reached XP level 21. HP: 180/190 MP: 32/32
 43483 | Vaults:3 | Received a gift from Okawaru
 43574 | Vaults:3 | Got a warped scale mail {god gift}
 43596 | Vaults:3 | Identified the +1 scale mail of Hyidoul {rElec Dex+2} (Okawaru gifted it to you on level 3 of the Vaults)
 43923 | Vaults:3 | Reached skill level 15 in Shields
 43997 | Vaults:3 | Gained mutation: You can breathe flames. [mutagenic meat]
 43998 | Vaults:3 | Gained mutation: Your flesh is cold resistant. [mutagenic meat]
 44389 | Vaults:4 | Identified a scroll of acquirement
 44392 | Vaults:4 | Got a spiked shield
 44393 | Vaults:4 | Identified the +0 shield of the Salamander {rC+} (You acquired it on level 4 of the Vaults)
 44854 | Vaults:4 | Lost mutation: Your flesh is cold resistant. [mutagenic meat]
 45006 | Vaults:4 | Gained mutation: You are covered in fur (AC +1). [mutagenic meat]
 45345 | Vaults:5 | Entered Level 5 of the Vaults
 45398 | Vaults:4 | Received a gift from Okawaru
 45399 | Vaults:4 | Got a transparent hand axe {god gift}
 45445 | Vaults:4 | Reached skill level 25 in Axes
 45456 | Vaults:5 | Noticed a golden dragon
 45651 | Vaults:4 | Reached XP level 22. HP: 171/201 MP: 33/33
 45675 | Vaults:4 | Killed a golden dragon
 45814 | Vaults:5 | Received a gift from Okawaru
 45944 | Vaults:5 | Noticed Frederick
 45955 | Vaults:5 | Killed Frederick
 46018 | Vaults:5 | Noticed an ancient lich
 46029 | Vaults:5 | Killed an ancient lich
 46062 | Vaults:5 | Got a silver rune of Zot
 46128 | Vaults:5 | Received a gift from Okawaru
 46167 | Vaults:5 | Received a gift from Okawaru
 46198 | Vaults:5 | Got a bronze scale mail
 46199 | Vaults:5 | Identified the +1 scale mail of Heresy {Int-3 Dex+4 Stlth+} (You found it on level 5 of the Vaults)
 46363 | Vaults:5 | Received a gift from Okawaru
 46439 | Vaults:5 | Noticed Margery
 46672 | Vaults:5 | Killed Margery
 46672 | Vaults:5 | Reached skill level 26 in Axes
 46681 | Vaults:5 | Reached XP level 23. HP: 170/210 MP: 34/34
 46801 | Vaults:5 | Got an encrusted scale mail {god gift}
 46802 | Vaults:5 | Identified the +2 scale mail of Jigsaw {Dex+5} (Okawaru gifted it to you on level 5 of the Vaults)
 46908 | Vaults:5 | Gained mutation: You are dopey. (Int -2) [mutagenic meat]
 46909 | Vaults:5 | Gained mutation: Your system is resistant to poisons. [mutagenic meat]
 46910 | Vaults:5 | Gained mutation: You are very dopey. (Int -4) [mutagenic meat]
 46913 | Vaults:5 | Gained mutation: You are resistant to hostile enchantments. [mutagenic meat]
 46987 | Vaults:5 | Got a crude scale mail
 46988 | Vaults:5 | Identified the cursed +0 scale mail of the Pits of Slime {rF- rCorr Int+2} (You found it on level 5 of the Vaults)
 47185 | Vaults:5 | Drew Focus: Str increased to 24, Int decreased to 9
 47190 | Vaults:5 | Lost mutation: Your spells are a little easier to cast, but a little less powerful. [helix card]
 47374 | Vaults:5 | Got a crude chain mail
 47375 | Vaults:5 | Identified the +7 chain mail "Rofuv" {MR++} (You found it on level 5 of the Vaults)
 47661 | Vaults:3 | Fell from the grace of Okawaru
 47965 | D:9      | Killed Erolcha
 48008 | D:9      | Found a sparkling altar of Nemelex Xobeh.
 48084 | D:9      | Found a burning altar of Makhleb.
 48247 | D:9      | Found a snail-covered altar of Cheibriados.
 48441 | D:5      | Became a worshipper of the Shining One
 48912 | Crypt:1  | Entered Level 1 of the Crypt
 48934 | Crypt:1  | Reached * piety under the Shining One
 49048 | Crypt:1  | Reached ** piety under the Shining One
 49251 | Crypt:1  | Reached *** piety under the Shining One
 49539 | Crypt:1  | Reached **** piety under the Shining One
 50224 | Crypt:2  | Reached ***** piety under the Shining One
 50548 | Crypt:2  | Reached ****** piety under the Shining One
 50564 | Crypt:2  | Identified a +9 broad axe of holy wrath (a +9 broad axe of freezing blessed by the Shining One)
 50564 | Crypt:2  | Received a gift from the Shining One
 50595 | Crypt:2  | Noticed Mara
 50602 | Crypt:2  | Noticed inmateoo's illusion
 50606 | Crypt:2  | Killed Mara
 50638 | Crypt:2  | Reached XP level 24. HP: 185/221 MP: 35/35
 51044 | Crypt:3  | Entered Level 3 of the Crypt
 51335 | Crypt:3  | Found a basalt altar of Yredelemnul.
 51562 | Crypt:3  | Lost mutation: You are resistant to hostile enchantments. [helix card]
 51562 | Crypt:3  | Gained mutation: Scrolls take you a little longer to read. [helix card]
 51840 | Crypt:3  | Found a staircase to the Tomb.
 52747 | Crypt:3  | Got a glittering jade ring
 52747 | Crypt:3  | Got a wavering lapis lazuli ring
 52747 | Crypt:3  | Got an ancient ivory ring
 52758 | Crypt:3  | Identified the ring "Yppuw" {rN+ MR+ Int+11 Dex-4} (You found it on level 3 of the Crypt)
 52760 | Crypt:3  | Identified the ring "Cacigh" {+Blink rN+ Int+2} (You found it on level 3 of the Crypt)
 52763 | Crypt:3  | Identified the ring "Effoesu" {rPois rC- rN+ SInv} (You found it on level 3 of the Crypt)
 53249 | D:15     | Found a staircase to the Depths.
 53461 | Depths:1 | Entered Level 1 of the Depths
 53523 | Depths:1 | Gained mutation: Your spells are a little harder to cast, but a little more powerful. [mutagenic meat]
 53525 | Depths:1 | Lost mutation: Your spells are a little harder to cast, but a little more powerful. [mutagenic meat]
 53526 | Depths:1 | Gained mutation: You expend magic power (3 MP) to strengthen your wands. [mutagenic meat]
 53527 | Depths:1 | Lost mutation: You are very dopey. (Int -4) [mutagenic meat]
 53528 | Depths:1 | Gained mutation: You are partially covered in yellow scales (AC +2). [mutagenic meat]
 53701 | Depths:1 | Lost mutation: You can breathe flames. [mutagenic meat]
 53703 | Depths:1 | Lost mutation: You expend magic power (3 MP) to strengthen your wands. [mutagenic meat]
 54551 | Depths:1 | Lost mutation: You are dopey. (Int -2) [mutagenic meat]
 54552 | Depths:1 | Gained mutation: Your spells are a little harder to cast, but a little more powerful. [mutagenic meat]
 54588 | Depths:2 | Reached XP level 25. HP: 89/231 MP: 35/35
 54854 | Depths:2 | Gained mutation: You are weak. (Str -2) [mutagenic meat]
 54855 | Depths:2 | Lost mutation: Scrolls take you a little longer to read. [mutagenic meat]
 54856 | Depths:2 | Gained mutation: Your flesh is heat resistant. [mutagenic meat]
 55045 | Depths:2 | Found Zeeji's Weapon Shop.
 55119 | Depths:2 | Was forgiven by Okawaru
 55947 | Depths:3 | Found Gozag's Antique Weapon Shop.
 56122 | Depths:3 | Found an opulent altar of Gozag.
 56122 | Depths:3 | Found Gozag's Assorted Antiques.
 56125 | Depths:3 | Found Gozag's Assorted Antiques.
 56260 | Depths:3 | Lost mutation: Your spells are a little harder to cast, but a little more powerful. [mutagenic meat]
 56261 | Depths:3 | Gained mutation: Your magical capacity is low (-10% MP). [mutagenic meat]
 56262 | Depths:3 | Gained mutation: Your magical capacity is very low (-20% MP). [mutagenic meat]
 56263 | Depths:3 | Gained mutation: You are resistant to hostile enchantments. [mutagenic meat]
 56264 | Depths:3 | Lost mutation: You are covered in fur (AC +1). [mutagenic meat]
 56265 | Depths:3 | Gained mutation: Your magical capacity is extremely low (-30% MP). [mutagenic meat]
 56266 | Depths:3 | Gained mutation: You have large cloven feet. [mutagenic meat]
 56667 | Depths:3 | Gained mutation: You are very weak. (Str -4) [mutagenic meat]
 56826 | Depths:3 | Found a one-way gate leading to the halls of Pandemonium.
 56902 | Depths:4 | Lost mutation: You are very weak. (Str -4) [mutagenic meat]
 56995 | Depths:4 | Lost mutation: You are resistant to hostile enchantments. [mutagenic meat]
 56996 | Depths:4 | Lost mutation: You are weak. (Str -2) [mutagenic meat]
 56997 | Depths:4 | Gained mutation: Your flesh is very heat resistant. [mutagenic meat]
 57000 | Depths:4 | Lost mutation: You are sometimes teleported to nearby monsters. [mutagenic meat]
 57002 | Depths:4 | Lost mutation: You have large cloven feet. [mutagenic meat]
 57003 | Depths:4 | Gained mutation: Your mind is acute. (Int +2) [mutagenic meat]
 57004 | Depths:4 | Gained mutation: You tend to lose your temper in combat. [mutagenic meat]
 57005 | Depths:4 | Gained mutation: Scrolls take you a little longer to read. [mutagenic meat]
 57167 | Depths:4 | Gained mutation: Your spells are a little harder to cast, but a little more powerful. [mutagenic meat]
 57168 | Depths:4 | Lost mutation: Scrolls take you a little longer to read. [mutagenic meat]
 57170 | Depths:4 | Gained mutation: You often lose your temper in combat. [mutagenic meat]
 57177 | Depths:4 | Lost mutation: Your mind is acute. (Int +2) [mutagenic meat]
 57179 | Depths:4 | Gained mutation: You are robust (+10% HP). [mutagenic meat]
 57181 | Depths:4 | Lost mutation: You often lose your temper in combat. [mutagenic meat]
 57182 | Depths:4 | Lost mutation: Your flesh is very heat resistant. [mutagenic meat]
 57183 | Depths:4 | Gained mutation: Your mind is acute. (Int +2) [mutagenic meat]
 57184 | Depths:4 | Lost mutation: Your mind is acute. (Int +2) [mutagenic meat]
 57185 | Depths:4 | Gained mutation: You are surrounded by a mild repulsion field (EV +2). [mutagenic meat]
 57186 | Depths:4 | Lost mutation: Your magical capacity is extremely low (-30% MP). [mutagenic meat]
 57187 | Depths:4 | Lost mutation: Your spells are a little harder to cast, but a little more powerful. [mutagenic meat]
 57189 | Depths:4 | Gained mutation: You often lose your temper in combat. [mutagenic meat]
 57195 | Depths:4 | Found a gateway to a ziggurat.
 57236 | Depths:4 | Reached skill level 15 in Dodging
 57280 | Zig:1    | Entered Level 1 of a ziggurat
 57336 | Zig:2    | Entered Level 2 of a ziggurat
 57360 | Zig:3    | Entered Level 3 of a ziggurat
 57367 | Zig:3    | Reached XP level 26. HP: 266/266 MP: 29/29
 57390 | Zig:4    | Entered Level 4 of a ziggurat
 57451 | Zig:5    | Entered Level 5 of a ziggurat
 57457 | Zig:5    | Noticed a juggernaut
 57477 | Zig:5    | Killed a juggernaut
 57491 | Zig:6    | Entered Level 6 of a ziggurat
 57549 | Zig:6    | Lost mutation: You are robust (+10% HP). [potion of cure mutation]
 57549 | Zig:6    | Lost mutation: You often lose your temper in combat. [potion of cure mutation]
 57549 | Zig:6    | Lost mutation: Your system is resistant to poisons. [potion of cure mutation]
 57556 | Zig:7    | Entered Level 7 of a ziggurat
 57642 | Zig:8    | Entered Level 8 of a ziggurat
 57706 | Zig:8    | Got a transparent pewter ring
 57707 | Zig:8    | Identified the ring "Ycuptu" {rPois rC+ Dex+3} (You found it on level 8 of a ziggurat)
 57713 | Zig:8    | Got a pitted platinum ring
 57714 | Zig:8    | Identified the ring of the Countless Lies {+Inv Int+3 Stlth-} (You found it on level 8 of a ziggurat)
 57746 | Zig:8    | Got a bloodstained plate armour
 57748 | Zig:8    | Identified the cursed +0 plate armour "Jymuiden" {Str+2} (You found it on level 8 of a ziggurat)
 57764 | Zig:8    | Drew Focus: Str increased to 26, Int decreased to 8
 57776 | Zig:9    | Entered Level 9 of a ziggurat
 57877 | Zig:10   | Entered Level 10 of a ziggurat
 57929 | Zig:11   | Entered Level 11 of a ziggurat
 58008 | Zig:12   | Entered Level 12 of a ziggurat
 58123 | Zig:13   | Entered Level 13 of a ziggurat
 58183 | Zig:13   | Got a heavily runed bone ring
 58184 | Zig:13   | Identified the ring of the Griffon {Fire rElec rN+ Slay-6 Stlth+} (You found it on level 13 of a ziggurat)
 58217 | Zig:14   | Entered Level 14 of a ziggurat
 58239 | Zig:14   | Reached XP level 27. HP: 224/251 MP: 29/29
 58288 | Zig:14   | Got a translucent copper amulet
 58292 | Zig:14   | Identified the amulet "Pofupara" {Inacc *Drain rC+ MR+ Dex+2} (You found it on level 14 of a ziggurat)
 58295 | Zig:15   | Entered Level 15 of a ziggurat
 58445 | Zig:15   | Got a fine zirconium amulet
 58446 | Zig:15   | Identified the amulet of the Queen {Regen+ Slay+3} (You found it on level 15 of a ziggurat)
 58456 | Zig:15   | Got a slimy lapis lazuli ring
 58460 | Zig:15   | Identified the ring "Olaurr" {SustAt rN++ Stlth+} (You found it on level 15 of a ziggurat)
 58473 | Zig:16   | Entered Level 16 of a ziggurat
 58539 | Zig:16   | Got a twitching graven amulet
 58541 | Zig:16   | Identified the amulet "Macurr" {Regen+ Dex+3} (You found it on level 16 of a ziggurat)
 58649 | Depths:4 | Found a one-way gate to the infinite horrors of the Abyss.
 58831 | Depths:4 | Gained mutation: You are surrounded by a moderate repulsion field (EV +3). [mutagenic meat]
 58834 | Depths:4 | Lost mutation: Your magical capacity is very low (-20% MP). [mutagenic meat]
 58835 | Depths:4 | Gained mutation: Your flesh is very heat resistant. [mutagenic meat]
 58836 | Depths:4 | Gained mutation: You have sharp toenails. [mutagenic meat]
 58838 | Depths:4 | Gained mutation: Scrolls take you a little longer to read. [mutagenic meat]
 59213 | Depths:5 | Entered Level 5 of the Depths
 59419 | Depths:5 | Got a polished shield
 59422 | Depths:5 | Identified the +5 shield "Topoan" {rPois} (You found it on level 5 of the Depths)
 59493 | Depths:5 | Found a gate to the Realm of Zot.
 59862 | Depths:5 | Gained mutation: You have a pair of small horns on your head. [mutagenic meat]
 59863 | Depths:5 | Gained mutation: Your mind is acute. (Int +2) [mutagenic meat]
 60536 | Pan      | Entered Pandemonium
 60568 | Pan      | Noticed Tuoschum the pandemonium lord
 60582 | Pan      | Gained mutation: You are frail (-10% HP). [a neqoxec]
 60585 | Pan      | Found an exit through the horrors of the Abyss.
 60817 | Pan      | Killed Tuoschum the pandemonium lord
 60876 | Pan      | Gained mutation: You are sometimes teleported to nearby monsters. [a neqoxec]
 61092 | Pan      | Entered the realm of Cerebov.
 61249 | Pan      | Got a smoking ruby amulet
 61389 | Pan      | Lost mutation: You are frail (-10% HP). [helix card]
 61496 | Pan      | Noticed Cerebov
 61522 | Pan      | Killed Cerebov
 61594 | Pan      | Got a fiery rune of Zot
 61716 | Pan      | Noticed Mennas
 61729 | Pan      | Identified the amulet "Gegaum" {Spirit rC+ Int+7} (You took it off a balrug in Pandemonium)
 61902 | Pan      | Noticed Danudon the pandemonium lord
 61906 | Pan      | Gained mutation: You are frail (-10% HP). [a cacodemon]
 61914 | Pan      | Killed Danudon the pandemonium lord
 62030 | Pan      | Found an exit through the horrors of the Abyss.
 62070 | Pan      | Entered the realm of Gloorx Vloq.
 62091 | Pan      | Noticed Gloorx Vloq
 62107 | Pan      | Killed Gloorx Vloq
 62130 | Pan      | Got a dark rune of Zot
 62231 | Pan      | Found an exit through the horrors of the Abyss.
 62257 | Pan      | Entered the realm of Lom Lobon.
 62257 | Pan      | Found an exit through the horrors of the Abyss.
 62758 | Pan      | Noticed Lom Lobon
 63375 | Pan      | Drowned

Action                   |  1- 3 |  4- 6 |  7- 9 | 10-12 | 13-15 | 16-18 | 19-21 | 22-24 | 25-27 || total
-------------------------+-------+-------+-------+-------+-------+-------+-------+-------+-------++-------
Melee: Dagger            |   172 |   208 |       |       |       |       |       |       |       ||   380
       Hand axe          |       |    65 |   628 |   651 |       |       |       |       |       ||  1344
       War axe           |       |       |       |   577 |   129 |   465 |  1464 |   979 |       ||  3614
       Scimitar          |       |       |       |    28 |    27 |       |       |       |       ||    55
       Broad axe         |       |       |       |       |  1161 |  1005 |       |   632 |  1847 ||  4645
 Fire: Blowgun           |       |     4 |       |       |       |       |       |       |       ||     4
Invok: Heroism           |       |       |     1 |    11 |    17 |    10 |     4 |     6 |       ||    49
       Finesse           |       |       |       |     2 |     2 |     3 |       |     2 |       ||     9
       Brand Weapon With |       |       |       |       |       |       |       |     1 |       ||     1
       Renounce Religion |       |       |       |       |       |       |       |     1 |       ||     1
       Cleansing Flame   |       |       |       |       |       |       |       |     2 |    30 ||    32
       Summon Divine War |       |       |       |       |       |       |       |       |     2 ||     2
 Abil: Stop Flying       |       |       |       |       |     1 |       |       |       |       ||     1
Evoke: Wand              |       |       |       |     8 |     3 |     4 |     2 |     4 |       ||    21
       Deck              |       |       |       |       |       |    13 |     4 |    24 |    24 ||    65
       Disc of storms    |       |       |       |       |       |       |     1 |     2 |     2 ||     5
       Phial of floods   |       |       |       |       |       |       |       |       |     3 ||     3
  Use: Scroll            |       |    11 |    13 |     8 |    15 |    13 |     8 |    17 |    21 ||   106
       Potion            |       |     2 |     2 |    11 |       |     7 |     3 |     3 |    28 ||    56
 Stab: Sleeping          |     4 |       |       |       |       |       |       |       |       ||     4
       Petrifying        |       |       |       |       |       |       |     2 |       |       ||     2
       Distracted        |       |       |       |       |       |       |       |       |     3 ||     3
  Eat: Chunk             |     3 |     9 |    12 |    20 |    37 |     8 |    16 |    22 |    67 ||   194
       Fruit             |       |       |     5 |     8 |     2 |     7 |       |     5 |     4 ||    31
       Beef jerky        |       |       |       |     2 |     8 |     3 |     4 |     1 |     2 ||    20
       Pizza             |       |       |       |       |     3 |       |     1 |     3 |     1 ||     8
       Meat ration       |       |       |       |       |       |     4 |     3 |     3 |     5 ||    15
       Royal jelly       |       |       |       |       |       |       |     1 |     1 |     4 ||     6
       Bread ration      |       |       |       |       |       |       |       |     1 |       ||     1
